 Dungeon Crawl Stone Soup version 0.17-a0-1914-gde4187c (webtiles) character file.

164 dpvblackbelt the Slasher (level 5, 0/35 HPs)
             Began as a Halfling Chaos Knight on Sept 26, 2015.
             Succumbed to a killer bee's poison
             ... on level 2 of the Dungeon.
             The game lasted 00:03:10 (692 turns).

dpvblackbelt the Slasher (Halfling Chaos Knight)     Turns: 692, Time: 00:03:12

Health: 0/35       AC:  7    Str: 12      XL:     5   Next: 73%
Magic:  5/5        EV: 13    Int: 16      God:
Gold:   54         SH:  0    Dex: 11 (15) Spells: 0 memorised, 4 levels left

rFire  . . .     SeeInvis .     a - +0 falchion (chaos)
rCold  . . .     Clarity  .     b - +2 leather armour
rNeg   . . .     SustAt   .     (shield restricted)
rPois  +         Gourm    .     (no helmet)
rElec  .         Spirit   .     o - +1 cloak
rCorr  .         Warding  .     (no gloves)
rMut   .         Stasis   .     (no boots)
MR     .....                    l - amulet of faith {Faith, !P}
Stlth  +.........               (no ring)
                                e - ring of poison resistance {rPois, !d}

@: brilliant, lethally poisoned (0 -> -2), very slightly contaminated, not
resistant to hostile enchantments, very unstealthy
A: mutation resistance 1
a: no special abilities


You were on level 2 of the Dungeon.
You were not hungry.

You visited 1 branch of the dungeon, and saw 2 of its levels.

You collected 54 gold pieces.

Inventory:

Hand weapons
 a - a +0 falchion of chaos (weapon)
Missiles
 h - 2 throwing nets {=f, !d}
Armour
 b - a +2 leather armour (worn)
 i - a +0 cloak
   (You found it on level 2 of the Dungeon)
 o - a +1 cloak (worn)
   (You found it on level 2 of the Dungeon)
Jewellery
 e - a ring of poison resistance (left hand) {rPois, !d}
   (You found it on level 1 of the Dungeon)
 f - a +6 ring of protection
   (You found it on level 1 of the Dungeon)
 l - an amulet of faith (around neck) {Faith, !P}
   (You found it on level 2 of the Dungeon)
Scrolls
 d - a scroll of identify
 g - a scroll of blinking {!r}
Comestibles
 c - 3 bread rations {@e1@e1}
 m - a meat ration {@e2@e2}


   Skills:
 - Level 2.6 Fighting
 + Level 6.0 Long Blades
 - Level 2.1 Armour
 - Level 1.1 Dodging


You had 4 spell levels left.
You didn't know any spells.

Dungeon Overview and Level Annotations

Branches:
Dungeon (2/15)

Altars:

Annotations:
D:2 Natasha


Innate Abilities, Weirdness & Mutations

You are small and have problems with some larger weapons.
You are somewhat resistant to further mutation.


Message History

You hit the steam dragon.
You feel sick. The steam dragon barely misses you.
The steam dragon closely misses you.
You take 1 damage, and have 24/30 hp.
You slash the steam dragon!
You feel sick. The steam dragon bites you. The steam dragon claws you.
You take 7 damage, and have 17/30 hp.
MASSIVE DAMAGE!!
Drink which item? (? for menu, Esc to quit)
It was a potion of brilliance.
You feel clever all of a sudden.
Xom roars with laughter!
You feel sick. The steam dragon bites you!
* * * LOW HITPOINT WARNING * * *
The steam dragon misses you.
You take 11 damage, and have 6/30 hp.
MASSIVE DAMAGE!!
You slash the steam dragon!
You kill the steam dragon!
Your Long Blades skill gained 2 levels and is now at level 6!
You have reached level 5!
You feel agile.
* * * LOW HITPOINT WARNING * * *
You feel sick.
MP restored: 5 You aren't carrying any potions.
Read which item? (? for menu, Esc to quit)
As you read the scroll labeled BORIBAEF XUDA, it crumbles to dust.
It is a scroll of identify.
Identify which item? (\ to view known items) (? for menu, Esc to quit)
f - a +6 ring of protection Natasha, Servant of Life and Death comes into view.
Put on which piece of jewellery? (? for menu, Esc to quit)
e - a ring of poison resistance (left hand)
* * * LOW HITPOINT WARNING * * *
You feel sick.
Natasha hisses angrily.
You take 1 damage, and have 5/35 hp.
Put on which piece of jewellery? (? for menu, Esc to quit)
You feel a surge of divine interest.
l - an amulet of faith (around neck)
* * * LOW HITPOINT WARNING * * *
You feel sick.
You take 1 damage, and have 4/35 hp.
Natasha casts a spell at you. The magic dart hits you!
You see here a metallic cyan potion.
j - a metallic cyan potion
* * * LOW HITPOINT WARNING * * *
You feel sick.
Natasha stares at you and mumbles some strange words.
You resist with some effort.
You take 1 damage, and have 3/35 hp.
Drink which item? (? for menu, Esc to quit)
It was a potion of degeneration.
There was something very wrong with that liquid.
You feel clumsy.
Read which item? (? for menu, Esc to quit)
Blink to where?
You are very lightly contaminated with residual magic.
As you read the scroll labeled MIKEFOEFUO, it crumbles to dust.
It was a scroll of blinking.
* * * LOW HITPOINT WARNING * * *
You feel sick.
There is an open door here.
* * * LOW HITPOINT WARNING * * *
You feel sick.
You take 1 damage, and have 2/35 hp.
You close the door.
Read which item? (? for menu, Esc to quit)
As you read the scroll labeled CIOMEC SIOMOM, it crumbles to dust.
It is a scroll of enchant armour.
Enchant which item? (? for menu, Esc to quit)
Your +0 cloak glows green for a moment.
Read which item? (? for menu, Esc to quit)
As you read the scroll labeled COOMNO KIESO, it crumbles to dust.
You assume a fearsome visage.
Nothing appears to happen.
It was a scroll of fear.
You aren't carrying any items that can be evoked.
Okay, then.
Okay, then.
* * * LOW HITPOINT WARNING * * *
You feel sick.
You hear a zap.
Some rock shatters into small pieces.
You take 1 damage, and have 1/35 hp.
Really renounce your faith, foregoing its fabulous benefits?
Are you sure you won't change your mind later?
You have lost your religion!
Xom does not appreciate desertion!
Natasha zaps a wand.
Some rock shatters into small pieces.
It is a wand of digging.
* * * LOW HITPOINT WARNING * * *
You feel sick.
There is an open door here.
You take 1 damage, and have 1/35 hp.
Natasha mumbles some strange words.
Natasha glows brightly for a moment.
Natasha casts a spell.
You die...
Xom laughs nastily!

..#.#.#.#.
##.########+#)#.#.#...
########
.............#.#.##..
.......#
#............#.#.##..
.......# #............#
#.##.. .......#
#...........†# #.###.
.......#.####............#
#.# #.
...................†.....#
#.# #.
.......+.5h.'...@........#
#<# ##
..h....######............#
# .......# ############.#
# .......# #.# .......#
#.# .......# #.# ########
#.# ###### #.# ......
######.########


You could see Natasha and a white imp.

Vanquished Creatures
  A steam dragon (shapeshifter) (D:2)
  Natasha (D:2)
  An adder (D:2)
  A giant gecko (D:2)
  A goblin (D:1)
  5 hobgoblins
  2 bats (D:1)
  3 giant newts (D:1)
  A rat (D:1)
16 creatures vanquished.

Notes
Turn   | Place    | Note
--------------------------------------------------------------
     0 | D:1      | dpvblackbelt the Halfling Chaos Knight began the quest for the Orb.
     0 | D:1      | Reached XP level 1. HP: 15/15 MP: 1/1
   215 | D:1      | Reached XP level 2. HP: 20/20 MP: 2/2
   381 | D:1      | You fall through a shaft!
   471 | D:2      | XOM: divination: detect creatures
   565 | D:2      | XOM: silly message
   600 | D:2      | Reached skill level 4 in Long Blades
   600 | D:2      | Reached XP level 3. HP: 25/25 MP: 3/3
   602 | D:2      | Noticed Natasha
   611 | D:2      | Killed Natasha
   611 | D:2      | Reached XP level 4. HP: 19/30 MP: 4/4
   661 | D:2      | XOM: harmless Necr miscast
   664 | D:2      | Noticed a steam dragon
   664 | D:2      | a killer bee changed into a steam dragon
   668 | D:2      | HP: 6/30 [steam dragon (shapeshifter) (11)]
   669 | D:2      | Killed a steam dragon
   669 | D:2      | Reached skill level 6 in Long Blades
   669 | D:2      | Reached XP level 5. HP: 7/35 MP: 5/5
   671 | D:2      | Noticed Natasha
   674 | D:2      | HP: 4/35 [poisoned by a killer bee]
   680 | D:2      | HP: 2/35 [poisoned by a killer bee]
   685 | D:2      | Fell from the grace of Xom
   688 | D:2      | HP: 1/35 [poisoned by a killer bee]
   692 | D:2      | Succumbed to a killer bee's poison

Vault maps used:
D:1:      minmay_arrival_up_and_down
D:2:      uniq_natasha

Action                   |  1- 3 |  4- 6 || total
-------------------------+-------+-------++-------
Melee: Falchion          |    45 |    10 ||    55
Invok: Renounce Religion |       |     1 ||     1
  Use: Potion            |       |     3 ||     3
       Scroll            |       |     4 ||     4

Vault maps used:
D:1:      minmay_arrival_up_and_down
D:2:      uniq_natasha

Table legend:
 A = Turns spent in this place as a percentage of turns spent in the entire game.
 B = Non-inter-level travel turns spent in this place as a percentage of non-inter-level travel turns spent in the entire game.
 C = Inter-level travel turns spent in this place as a percentage of turns spent in this place.
 D = Turns resting spent in this place as a percentage of non-inter-level travel turns spent in this place.
 E = Turns spent auto-exploring this place as a percentage of non-inter-level travel turns spent in this place.
 F = Non-inter-level travel turns spent in this place divided by the number of levels of this place that you've seen.
                   A       B       C       D       E      F
               +-------+-------+-------+-------+-------+----------------------
         Total | 100.0 | 100.0 |   0.8 |   0.0 |  12.4 | 125.5
       Dungeon | 100.0 | 100.0 |   0.8 |   0.0 |  12.4 | 125.5
               +-------+-------+-------+-------+-------+----------------------

Table legend:
 A = Kills in this place as a percentage of kills in entire the game.
 B = Kills by you in this place as a percentage of kills by you in the entire game.
 C = Kills by friends in this place as a percentage of kills by friends in the entire game.
 D = Other kills in this place as a percentage of other kills in the entire game.
 E = Experience gained in this place as a percentage of experience gained in the entire game.
 F = Experience gained in this place divided by the number of levels of this place that you have seen.
                   A       B       C       D       E      F
               +-------+-------+-------+-------+-------+----------------------
         Total | 100.0 | 100.0 |  -nan |  -nan | 100.0 | 117.5
       Dungeon | 100.0 | 100.0 |  -nan |  -nan | 100.0 | 117.5
               +-------+-------+-------+-------+-------+----------------------
